cohdb
Replays
Latest Replays
All Replays
Popular Replays
Top Player Replays
Match Explorer
How It Works
Community
CoH3 Stats
Reddit
Sign in to upload your games and track your stats! →
Sign in with Steam
Match 45501527
Unlisted
Match 45501527
Overview
Messages
Build Orders
End
Kettenkrad Recon Vehicle
Construct Infanterie Kompanie
Selects Terror Battlegroup
Selects Heavy Gunnery
MG 42 Machine Gun Team
Grenadier Squad
MG 42 Machine Gun Team
Grenadier Squad
Construct Panzergrenadier Kompanie
Panzergrenadier Squad
Medical Station
Support Elements
StuG III G Assault Gun
StuG III G Assault Gun
MG 42 Bunker
Selects Defend the Fatherland
StuG III G Assault Gun
Pak 40 Anti-tank Gun Team
MG 42 Machine Gun Team
StuG III G Assault Gun
MG 42 Machine Gun Team
Kettenkrad Recon Vehicle
Pioneer Squad
Pak 40 Anti-tank Gun Team
Sniper
Pak 40 Anti-tank Gun Team
Selects King Tiger Heavy Tank
King Tiger Heavy Tank
Grenadier Squad
Grenadier Squad
AI Takeover
每天都要奖励几次
队长别开枪
monomono
fengdadagg
QGD
[TW]S.C.
iiruoz
皮諾可這個直接電死
0
0
Comments
sign in to comment!
No comments posted yet!